 Dungeon Crawl Stone Soup version 0.23.2-1-ga50397a6bc (webtiles) character file.

Game seed: 14816433475537860006

79 NochnoyZador the Twirler (level 4, 0/37 HPs)
             Began as a Minotaur Gladiator on May 4, 2019.
             Slain by Crazy Yiuf
             ... wielding a +4 quarterstaff of chaos
              (8 damage)
             ... on level 3 of the Dungeon.
             The game lasted 00:04:17 (2114 turns).

NochnoyZador the Twirler (Minotaur Gladiator)       Turns: 2114, Time: 00:04:17

Health: 0/37       AC:  9    Str: 18    XL:     4   Next: 17%
Magic:  3/3        EV:  8    Int:  5    God:
Gold:   171        SH:  0    Dex: 13    Spells: 3/3 levels left

rFire    . . .     SeeInvis .   a - +0 quarterstaff
rCold    . . .     Gourm    .   (shield currently unavailable)
rNeg     . . .     Faith    .   j - +0 chain mail
rPois    .         Spirit   .   c - +0 hat
rElec    .         Reflect  .   q - +0 cloak
rCorr    .         Harm     .   (no gloves)
MR       .....                  (no boots)
Stlth    ..........             n - amulet of rage
HPRegen  0.12/turn              (no ring)
MPRegen  0.08/turn              (no ring)

@: no status effects
A: retaliatory headbutt, horns 2
a: Evoke Berserk Rage


You were on level 3 of the Dungeon.
You were not hungry.

You visited 1 branch of the dungeon, and saw 3 of its levels.

You collected 171 gold pieces.

Inventory:

Hand Weapons
 a - a +0 quarterstaff (weapon)
Missiles
 d - 3 throwing nets (quivered)
Armour
 c - a +0 hat (worn)
 j - a +0 chain mail (worn)
 q - a +0 cloak (worn)
Jewellery
 n - an amulet of rage (around neck)
Scrolls
 b - 2 scrolls of fear {unknown}
 e - 5 scrolls of identify {unknown}
 l - a scroll of amnesia {unknown}
 m - a scroll of enchant weapon {unknown}
 r - a scroll of remove curse {unknown}
Potions
 h - a potion of heal wounds {unknown}
 i - 4 potions of invisibility {unknown}
 k - a potion of ambrosia {unknown}
 o - 3 potions of brilliance {unknown}
 p - a potion of mutation {unknown}
Comestibles
 f - 3 rations


   Skills:
 - Level 2.4 Fighting
 + Level 6.1 Staves
 - Level 2.0 Throwing
 - Level 3.2 Dodging


You had 3 spell levels left.
You didn't know any spells.
Your spell library was empty.

Dungeon Overview and Level Annotations

Branches:
Dungeon (3/15)

Altars:

Annotations:
D:3 Crazy Yiuf


Innate Abilities, Weirdness & Mutations

You reflexively headbutt those who attack you in melee.
You have a pair of horns on your head.


Message History

You see here a mace.
Found three maces.
You see here a mace.
You open the door. You thump Crazy Yiuf!
Crazy Yiuf is moderately wounded.
Crazy Yiuf hits you with a +4 quarterstaff of chaos.
You are electrocuted!
You hit Crazy Yiuf. Your headbutt misses Crazy Yiuf.
Crazy Yiuf is severely wounded.
Crazy Yiuf barely misses you.
You closely miss Crazy Yiuf.
Crazy Yiuf is severely wounded.
Crazy Yiuf screams, "Citrus!"
Crazy Yiuf hits you with a +4 quarterstaff of chaos!
* * * LOW HITPOINT WARNING * * *
You hit Crazy Yiuf but do no damage.
Crazy Yiuf is severely wounded.
Crazy Yiuf hits you with a +4 quarterstaff of chaos!
You die...

##...........##.............##
#.........###########.......#
#.........# #.....#.#
#.........# ##### #.....#.#
#.........# #).)# #.....#÷#
#.........# #)))# #.....#.####
#....###### ))) #######.....
#....# #g# #..... #....# #@##
#..... #....# ##)#
#######..... #....# #)##
#....÷'..... ###### ##)#
#######..... ####### ##)##
#..... #.....# ##P#)# #.....
#.....# #PPP.# #..... #.....#
#....# #..... #.....####....#
#.....


You could see Crazy Yiuf.

Vanquished Creatures
  2 adders
  6 bats
  7 giant cockroaches
  10 goblins
  8 hobgoblins
  8 kobolds
  2 quokkas
  5 frilled lizards
  5 rats
  A fungus (D:3)
54 creatures vanquished.

Notes
Turn   | Place    | Note
-------+----------+-------------------------------------------
     0 | D:1      | NochnoyZador the Minotaur Gladiator began the quest for the
                  | Orb.
     0 | D:1      | Reached XP level 1. HP: 18/18 MP: 0/0
    22 | D:1      | Reached skill level 4 in Staves
    94 | D:1      | Reached XP level 2. HP: 25/25 MP: 1/1
   308 | D:1      | Reached skill level 5 in Staves
   323 | D:1      | Reached XP level 3. HP: 29/30 MP: 2/2
  1629 | D:3      | Reached XP level 4. HP: 37/37 MP: 3/3
  1661 | D:3      | Reached skill level 6 in Staves
  2106 | D:3      | Found a runed translucent door.
  2107 | D:3      | Noticed Crazy Yiuf
  2114 | D:3      | Slain by Crazy Yiuf

Skill      XL: |  1  2  3  4 |
---------------+-------------+-----
Staves         | 4 5 6 |  6.1
Fighting       | |  2.4
Throwing       | |  2.0
Dodging        | |  3.2

Action                   |  1- 3 |  4- 6 || total
-------------------------+-------+-------++-------
Melee: Quarterstaff      |   112 |    22 ||   134
       Headbutt          |    11 |     7 ||    18
  Eat: Chunk             |     2 |     2 ||     4
Armor: Leather armour    |    19 |       ||    19
       Chain mail        |    23 |     6 ||    29
Dodge: Dodged            |    73 |     7 ||    80
